 Dungeon Crawl Stone Soup version 0.30-a0-760-g5a9884bb7c (webtiles) character file.

Game seed: 2463269300823407589

222 jasper the Firebug (level 5, 0/41 HPs)
             Began as a Demonspawn Cinder Acolyte on Feb 10, 2023.
             Was an Initiate of Vehumet.
             Slain by a fire elemental (13 damage)
             ... created by the fiery vengeance of Ignis
             ... on level 8 of the Dungeon.
             The game lasted 00:07:29 (3449 turns).

jasper the Firebug (Demonspawn Cinder Acolyte)      Turns: 3449, Time: 00:07:30

Health: 0/41       AC:  8    Str: 15    XL:     5   Next: 66%
Magic:  9/9        EV: 11    Int: 17    God:    Vehumet [......]
Gold:   194        SH:  0    Dex:  8    Spells: 3/9 levels left

rFire   . . .      SeeInvis .    a - -1 falchion (flame)
rCold   . . .      Faith    .    (no shield)
rNeg    . . .      Spirit   .    b - +0 robe
rPois   .          Reflect  .    (no helmet)
rElec   .          Harm     .    (no cloak)
rCorr   .          Rampage  .    (no gloves)
Will    .....                    (no boots)
Stlth   +                        (no amulet)
HPRegen 0.26/turn                (no ring)
MPRegen 0.22/turn                (no ring)

@: sanguine armoured, fire susceptible
A: magic regeneration, sanguine armour 1
a: Renounce Religion


You were on level 8 of the Dungeon.
You worshipped Vehumet.
Vehumet was noncommittal.
You visited 1 branch of the dungeon, and saw 6 of its levels.

You collected 194 gold pieces.

Inventory:

Hand Weapons
 a - a -1 falchion of flaming (weapon)
 d - a +0 sling
Missiles
 e - 54 stones
Armour
 b - a +0 robe (worn)
Wands
 g - a wand of iceblast (3)
Scrolls
 f - 2 scrolls of identify
 j - a scroll of immolation
 k - a scroll of silence {unknown}
 m - a scroll of teleportation {unknown}
 n - a scroll of noise {unknown}
 o - a scroll of amnesia {unknown}
 r - a scroll of fear {unknown}
Potions
 c - 2 potions of curing {unknown}
 h - 2 potions of mutation
 i - 3 potions of brilliance
 l - a potion of attraction {unknown}
 p - a potion of heal wounds {unknown}
 q - a potion of flight {unknown}


   Skills:
 - Level 3.0 Fighting
 - Level 3.2 Long Blades
 + Level 2.9 Spellcasting
 + Level 2.5 Conjurations
 + Level 3.9 Fire Magic


You had 3 spell levels left.
You knew the following spells:

 Your Spells              Type           Power      Damage    Failure   Level
a - Scorch                Fire           30%        2d6       5%          2
b - Shock                 Conj/Air       24%        1d4       11%         1
c - Swiftness             Air            2%         N/A       47%         3

Your spell library contained the following spells:

 Spells                   Type           Power      Damage    Failure   Level
 Ozocubu's Armour         Ice            2%         N/A       47%         3
 Airstrike                Air            1%         2d(1-17)  87%         4
 Animate Dead             Necr           2%         N/A       87%         4
 Metabolic Englaciation   Hex/Ice        1%         N/A       99%         5
 Simulacrum               Ice/Necr       1%         N/A       100%        6
 Haunt                    Necr/Summ      1%         N/A       100%        7
 Infestation              Necr           1%         N/A       100%        8


Dungeon Overview and Level Annotations

Branches:
Dungeon (4/15)
 Temple: D:4-7

Altars:
Dithmenos
Okawaru
Vehumet


Innate Abilities, Weirdness & Mutations

You regenerate magic rapidly.
When seriously injured, your blood forms armour. (AC +6)


Message History

Aim: a fire elemental (durably summoned)
The mass of ice explodes!
The iceblast engulfs the fire elemental!
The fire elemental is frozen!
The fire elemental is moderately damaged.
The iceblast engulfs the fire elemental.
The fire elemental is lightly damaged.
The iceblast engulfs the fire elemental!
The fire elemental is frozen!
The fire elemental is heavily damaged.
Aiming: Iceblast
Press: ? - help, Shift-Dir - straight line, p - fire elemental
Okay, then.
Aiming: Iceblast
Press: ? - help, Shift-Dir - straight line, f/p - fire elemental
Aim: a fire elemental (moderately damaged, durably summoned) That beam is likely to hit you.
Continue anyway?
The mass of ice explodes!
The iceblast engulfs the fire elemental!
The fire elemental is frozen!
The fire elemental is severely damaged.
The iceblast engulfs the fire elemental!
The fire elemental is frozen!
You destroy the fire elemental!
That felt strangely unrewarding.
The iceblast engulfs you. The fire elemental hits you.
The fire elemental burns you!
Your blood congeals into armour.
You take 19 damage, and have 22/41 hp.
MASSIVE DAMAGE!!
Aiming: Iceblast
Press: ? - help, Shift-Dir - straight line, f/p - fire elemental
Aim: a fire elemental (severely damaged, durably summoned) That beam is likely to hit you.
Continue anyway?
The mass of ice explodes!
The iceblast engulfs the fire elemental!
The fire elemental is frozen!
The fire elemental is almost destroyed.
The iceblast engulfs you!
* * * LOW HITPOINT WARNING * * *
The fire elemental hits you. The fire elemental burns you!
You die...

...######
#.....☼#
#####°#
#....E#
#...###E#
#.. #..@#
#. #+#.#
# ..#
...#
....+
.....#
......#
####+#..


You could see 2 fire elementals.

Vanquished Creatures
  A fire elemental (D:8)
  2 scorpions
  3 adders
  2 dart slugs (D:2)
  An orc (D:3)
  4 endoplasms
  11 goblins
  6 hobgoblins
  7 jackals
  5 quokkas
  8 ball pythons
  7 bats
  6 kobolds
  7 rats
70 creatures vanquished.

Vanquished Creatures (others)
  16 foxfires (D:1)
16 creatures vanquished.

Grand Total: 86 creatures vanquished

Notes
Turn   | Place    | Note
-------+----------+-------------------------------------------
     0 | D:1      | jasper the Demonspawn Cinder Acolyte began the quest for
                  | the Orb.
     0 | D:1      | Reached XP level 1. HP: 18/18 MP: 2/2
   289 | D:1      | Gained mutation: You regenerate magic rapidly. [demonic
                  | ancestry]
   289 | D:1      | Reached XP level 2. HP: 11/24 MP: 3/3
   300 | D:1      | Learned a level 2 spell: Scorch
   614 | D:1      | Learned a level 1 spell: Shock
   770 | D:1      | Found a faded altar of an unknown god.
   855 | D:1      | Gained mutation: When seriously injured, your blood forms
                  | armour. (AC +6) [demonic ancestry]
   855 | D:1      | Reached XP level 3. HP: 29/29 MP: 2/5
  1544 | D:1      | HP: 1/29 [poisoned by an adder]
  1729 | D:3      | Reached skill level 1 in Conjurations
  2078 | D:3      | Found an iron altar of Okawaru.
  2151 | D:3      | Reached XP level 4. HP: 35/35 MP: 2/7
  2411 | D:3      | Found a radiant altar of Vehumet.
  2510 | D:3      | Fell from the grace of Ignis
  2510 | D:3      | Became a worshipper of Vehumet
  3056 | D:4      | Noticed a scorpion
  3066 | D:4      | Killed a scorpion
  3067 | D:4      | Reached XP level 5. HP: 34/41 MP: 0/8
  3173 | D:4      | Found a shadowy altar of Dithmenos.
  3226 | D:4      | Learned a level 3 spell: Swiftness
  3327 | D:4      | You fall into a shaft and drop 1 floor!
  3327 | D:5      | Entered Level 5 of the Dungeon
  3417 | D:5      | You fall into a shaft and drop 3 floors!
  3445 | D:8      | Noticed a fire elemental
  3445 | D:8      | Noticed a fire elemental
  3445 | D:8      | Noticed a fire elemental
  3448 | D:8      | Killed a fire elemental
  3449 | D:8      | Slain by a fire elemental

Illustrated notes

Levels and vault maps discovered:
D:1:      tekkud_arrival_beachfront_property, layout_rooms,
          shapermc_ecumenical_altar_notcrosses
D:2:      layout_loops_cross, roderic_lattice_a, minmay_circle_x
D:3:      layout_basic, mainiacjoe_overflow_surrounded_room, elyvilon_altar_5,
          kennysheep_okawaru_gauntlet
D:4:      layout_rooms, mainiacjoe_overflow_catwalk,
          chequers_serial_rivers_room_a
D:5:      layout_loops_corners, amcnicky_altar_gilded, uniq_grinder
D:8:      layout_basic

Skill      XL: |  1  2  3  4 |
---------------+-------------+-----
Long Blades    | 3 |  3.2
Fire Magic     | 3 |  3.9
Conjurations   | 1 2 |  2.5
Spellcasting   | 2 |  2.9
Fighting       | |  3.0

Action                     |  1- 3 |  4- 6 || total
---------------------------+-------+-------++-------
  Melee: Falchion          |    49 |     3 ||    52
   Fire: Sling             |    12 |       ||    12
   Cast: Scorch            |    49 |    21 ||    70
         Shock             |     3 |       ||     3
 Invoke: Foxfire Swarm     |     2 |       ||     2
         Rising Flame      |     1 |       ||     1
  Evoke: Wand              |       |     3 ||     3
    Use: Scroll            |     6 |       ||     6
         Potion            |     2 |     1 ||     3
 Armour: Robe              |    20 |     2 ||    22
  Dodge: Dodged            |    45 |     5 ||    50

Table legend: (Time is in decaauts)
 A = Elapsed time spent in this place.
 B = Non-inter-level travel time spent in this place.
 C = Inter-level travel time spent in this place.
 D = Time resting spent in this place.
 E = Time spent auto-exploring this place.
 F = Levels seen in this place.
 G = Mean time per level.
                   A        B        C        D        E       F      G
               +--------+--------+--------+--------+--------+-----+--------+
         Total |   3457 |   3309 |    148 |    310 |   2501 |   6 |  576.2 |
       Dungeon |   3457 |   3309 |    148 |    310 |   2501 |   6 |  576.2 |
               +--------+--------+--------+--------+--------+-----+--------+

Top non-repeatable levels by time:
     D:3: 1298 daAuts
     D:1: 1127 daAuts
     D:2: 595 daAuts
     D:4: 315 daAuts
     D:5: 89 daAuts
     D:8: 31 daAuts
